Unix NetHack Version 5.0.0-0 post-release - last build Jun 10 2026 00:39:30 (3ee93aec679c4c4259841fe613dc97188e26a321,branch:main).

Game began 2026-07-09 16:29:14, ended 2026-07-09 16:36:27.

DaveT, lawful male human Priest

                                            --------
                                          ##-......|             --------
  --------------                          # |......|        #####.......|
  |.......>....|                        ### ----.---        #    |......|
  |............|                        #       #           #    |......|
  |............|                        #       #           #    |......|
  |.....(......|               ---------#       #        ####    -----.--
  ----.-.-------            ###........|#       #        #          ###
      # #                ####  |.......|#     --.-----   #         ##
      # ##               #     |.......|#     |......|   #         #
      ############       #     |.......|#     |.......####         #
               # #       #     |.....<.-######.......|            ##
    -----------.-|--     #     ---------#     |......|    --------.-
    |..............|     #         #####`     |.......####|........|
    |...............e@x############`          |o.....|   #-(.......|
    |..............|                          --------    |........|
    ----------------                                      ----------

DaveT the Acolyte            St:12 Dx:13 Co:11 In:10 Wi:18 Ch:12  Lawful
Dlvl:4  $:52 HP:0(27) Pw:33(33) AC:0  Xp:3 T:1856  Weak     Burdened

Latest messages:
 The grid bug misses!
 The grid bug misses!
 The grid bug bites!
 You get zapped!
 You are beginning to feel weak.
 The grid bug misses!
 You can move again.
 The grid bug misses!
 You miss the floating eye.
 You are frozen by the floating eye's gaze!
 The grid bug bites!
 You avoid harm.
 The grid bug bites!
 You avoid harm.
 The grid bug bites!
 You avoid harm.
 The grid bug bites!
 You avoid harm.
 The grid bug bites!
 You avoid harm.
 The grid bug bites!
 You get zapped!
 The grid bug misses!
 The grid bug misses!
 The grid bug bites!
 You avoid harm.
 The grid bug bites!
 You get zapped!
 The grid bug bites!
 You get zapped!
 The grid bug bites!
 You get zapped!
 The grid bug misses!
 The grid bug misses!
 The grid bug misses!
 The grid bug bites!
 You get zapped!
 The grid bug bites!
 You avoid harm.
 The grid bug bites!
 You get zapped!
 The grid bug misses!
 The grid bug misses!
 The grid bug misses!
 The grid bug misses!
 The grid bug bites!
 You get zapped!
 You die...
 Do you want your possessions identified? [ynq] (y) y
 Do you want to see your attributes? [ynq] (y) q

Inventory:
 Coins    ('$')
  $ - 52 gold pieces
 Weapons  (')')
  a - a blessed +1 mace (weapon in right hand)
 Armor    ('[')
  l - a +0 orcish helm (being worn)
  y - a cursed -1 orcish helm
  c - a blessed +0 small shield (being worn)
  b - a +0 robe (being worn)
  w - a +0 bronze plate mail (being worn)
 Comestibles  ('%')
  e - a clove of garlic
  p - a food ration
  k - a cursed pancake
  f - 2 sprigs of wolfsbane
 Spellbooks  ('+')
  h - a spellbook of detect food
  r - a spellbook of extra healing
  g - a spellbook of light
 Potions  ('!')
  t - a cursed potion of oil
  d - 4 potions of holy water
 Tools    ('(')
  q - a brass lantern
  i - a magic marker (0:20)

DaveT the Priest's attributes:

Background:
 You were an Acolyte, a level 3 human Priest.
 You were lawful, nominally on a mission for Tyr
 who was opposed by Odin (neutral) and Loki (chaotic).
 You were right-handed.
 You were in the Dungeons of Doom, on level 4.
 You entered the dungeon 1856 turns ago.
 You had 79 experience points, 1 more was needed to attain level 4.

Basics:
 You had 0 out of 27 hit points.
 You had all 33 energy points (spell power).
 Your armor class was 0.
 Your wallet contained 52 zorkmids.
 Autopickup was off.

Final Characteristics:
 Your strength was 12 (base:13, limit:18/100).
 Your dexterity was 13 (limit:18).
 Your constitution was 11 (limit:18).
 Your intelligence was 10 (limit:18).
 Your wisdom was 18 (limit:18).
 Your charisma was 12 (limit:18).

Final Status:
 You were weak from severe hunger.
 You were burdened; movement was slightly slowed.
 You were wielding a mace.
 You had basic skill with mace.

Final Attributes:
 You were devoutly aligned.
 You were guarded.
 Your spell casting was impaired by metallic armor, mitigated by your robe.
 You are dead.

Miscellaneous:
 You didn't encounter any bones levels.
 Total elapsed playing time was 7 minutes and 13 seconds.

Major events:
 Turn
    1: DaveT the lawful human Priest entered the dungeon
  879: entered the Gnomish Mines
  984: attained the rank of Acolyte (level 3)
 1856: killed by a grid bug, while frozen by a floating eye's gaze

Spells:
 Name                 Level Category     Fail Retention
 light                  1   clerical      67%  91%-100%
 detect food            2   divination    99%  76%-100%
 extra healing          3   healing      100%  76%-100%

Skills:
 Fighting Skills
   bare handed combat [Unskilled]
 Weapon Skills
   club               [Unskilled]
   mace               [Basic]
   morning star       [Unskilled]
   flail              [Unskilled]
   hammer             [Unskilled]
   quarterstaff       [Unskilled]
   polearms           [Unskilled]
   spear              [Unskilled]
   trident            [Unskilled]
   lance              [Unskilled]
   bow                [Unskilled]
   sling              [Unskilled]
   crossbow           [Unskilled]
   dart               [Unskilled]
   shuriken           [Unskilled]
   boomerang          [Unskilled]
   unicorn horn       [Unskilled]
 Spellcasting Skills
   healing spells     [Unskilled]
   divination spells  [Unskilled]
   clerical spells    [Basic]

Voluntary challenges:
 Character rerolling was not enabled.
 You were an atheist.
 You never genocided any monsters.
 You never polymorphed an object.
 You never changed form.
 You used no wishes.
Achievements:
 You entered a shop.
 You entered the Gnomish Mines.
 You attained the rank of Acolyte.

 The Dungeons of Doom: levels 1 to 5
    Level 1:
       An altar to Tyr, a fountain, a sink, a grave.
    Level 2:
       A potion shop.
    Level 3:
       A potion shop, a fountain, a sink.
       Stairs down to The Gnomish Mines.
    Level 4: <- You were here.
       Final resting place for
          you, killed by a grid bug, while frozen by a floating eye's gaze.
    Level 5:
 The Gnomish Mines:
    Level 4:


Vanquished creatures:
  a shrieker
  a homunculus
  2 iguanas
  a large kobold
  a cave spider
  a gnome
  2 geckos
  3 jackals
  a fox
  a kobold
  2 goblins
  6 grid bugs
  8 newts
30 creatures vanquished.

No species were genocided or became extinct.

Game over:
                       ----------
                      /          \
                     /    REST    \
                    /      IN      \
                   /     PEACE      \
                  /                  \
                  |      DaveT       |
                  |      52 Au       |
                  | killed by a grid |
                  |       bug        |
                  |                  |
                  |                  |
                  |       2026       |
                 *|     *  *  *      | *
        _________)/\\_//(\/(/\)/\//\/|_)_______

Goodbye DaveT the Priest...

You died in The Dungeons of Doom on dungeon level 4 with 623 points,
and 52 pieces of gold, after 1856 moves.
You were level 3 with a maximum of 27 hit points when you died.

